 Dungeon Crawl Stone Soup version 0.30-a0-620-g0e44632947 (console) character file.

Game seed: 7567161101845071772

126 Ignak the Sneak (level 5, 0/33 HPs)
             Began as an Octopode Enchanter on Jan 10, 2023.
             Slain by an iguana (7 damage)
             ... on level 3 of the Dungeon.
             The game lasted 00:02:50 (1837 turns).

Ignak the Sneak (Octopode Enchanter)                Turns: 1837, Time: 00:02:51

Health: 0/33       AC:  1    Str:  7    XL:     5   Next: 10%
Magic:  9/17       EV: 13    Int: 24    God:
Gold:   162        SH:  0    Dex: 14    Spells: 6/8 levels left

rFire   . . .      SeeInvis .    a - +1 dagger
rCold   . . .      Faith    .    (no shield)
rNeg    . . .      Spirit   .    (helmet restricted)
rPois   +          Reflect  .    (no amulet)
rElec   +          Harm     .    e - ring of magical power
rCorr   +          Rampage  .    n - ring "Vosupeyg" {rElec rPois rCorr Int+6}
Will    .....                    (no ring)
Stlth   ++++                     (no ring)
HPRegen 0.25/turn                (no ring)
MPRegen 0.15/turn                (no ring)
                                 (no ring)
                                 (no ring)

@: very slightly contaminated
A: almost no armour, amphibious, 8 rings, camouflage 1, gelatinous body 1,
(nimble swimmer 1), tentacles
a: no special abilities


You were on level 3 of the Dungeon.
You visited 1 branch of the dungeon, and saw 3 of its levels.

You collected 162 gold pieces.

Inventory:

Hand Weapons
 a - a +1 dagger (weapon)
Missiles
 c - 2 poisoned darts (quivered)
Jewellery
 e - a ring of magical power (left tentacle)
 n - the ring "Vosupeyg" (right tentacle) {rElec rPois rCorr Int+6}
   (You found it on level 2 of the Dungeon)

   [ring of intelligence]

   Int:       It affects your intelligence (+6).
   rElec:     It insulates you from electricity.
   rPois:     It protects you from poison.
   rCorr:     It protects you from acid and corrosion.
Wands
 q - a wand of paralysis (7)
Scrolls
 d - 2 scrolls of amnesia {unknown}
 f - a scroll of fear {unknown}
 g - a scroll of poison {unknown}
 i - a scroll of silence {unknown}
 j - a scroll of enchant weapon {unknown}
 m - a scroll of teleportation {unknown}
 o - a scroll of immolation {unknown}
 p - a scroll of enchant armour {unknown}
Potions
 b - 2 potions of invisibility
 h - a potion of curing {unknown}
 k - a potion of haste {unknown}
 l - a potion of flight {unknown}


   Skills:
 + Level 1.2 Fighting
 + Level 1.9 Short Blades
 * Level 2.6 Dodging
 * Level 5.4 Stealth
 + Level 2.4 Spellcasting
 + Level 3.3 Hexes
 + Level 0.8 Ice Magic


You had 6 spell levels left.
You knew the following spells:

 Your Spells              Type           Power      Damage    Failure   Level
c - Ensorcelled Hibernat  Hex/Ice        26%        N/A       8%          2

Your spell library contained the following spells:

 Spells                   Type           Power      Damage    Failure   Level
 Confusing Touch          Hex            19%        N/A       9%          3
 Tukima's Dance           Hex            19%        N/A       9%          3
 Dazzling Flash           Conj/Hex       22%        N/A       17%         3


Dungeon Overview and Level Annotations

Branches:
Dungeon (3/15)

Altars:


Innate Abilities, Weirdness & Mutations

You cannot wear most types of armour.
You are amphibious.
You can wear up to eight rings at the same time.
Your skin changes colour to match your surroundings (Stealth+).
Your rubbery body absorbs attacks. (AC +1, EV +1)
((You are camouflaged when in or above water. (Stealth+)))
You have tentacles for arms and can constrict up to eight enemies at once.


Message History

You constrict the iguana. The iguana closely misses you.
You hit the iguana.
The iguana is moderately wounded.
You constrict the iguana, but do no damage.
The iguana bites you!
You completely miss the iguana.
The iguana is moderately wounded.
You constrict the iguana. The iguana barely misses you.
Casting: Ensorcelled Hibernation (safe; 8% risk of failure)
Confirm with . or Enter, or press ? or * to list all spells.
Aiming: Ensorcelled Hibernation (safe; 8% risk of failure)
Press: ? - help, Shift-Dir - straight line, f - iguana
Aim: an iguana (moderately wounded, constricted by you, chance to affect: 55%)
The iguana resists with significant effort.
You constrict the iguana. The iguana bites you.
Casting: Ensorcelled Hibernation (safe; 8% risk of failure)
Confirm with . or Enter, or press ? or * to list all spells.
Aiming: Ensorcelled Hibernation (safe; 8% risk of failure)
Press: ? - help, Shift-Dir - straight line, f/p - iguana
Aim: an iguana (heavily wounded, constricted by you, chance to affect: 55%)
You miscast Ensorcelled Hibernation.
You are very lightly contaminated with residual magic.
Nothing appears to happen.
You constrict the iguana. The iguana bites you!
* * * LOW HITPOINT WARNING * * *
Casting: Ensorcelled Hibernation (safe; 8% risk of failure)
Confirm with . or Enter, or press ? or * to list all spells.
Aiming: Ensorcelled Hibernation (safe; 8% risk of failure)
Press: ? - help, Shift-Dir - straight line, f/p - iguana
Aim: an iguana (heavily wounded, constricted by you, chance to affect: 55%)
You miscast Ensorcelled Hibernation.
Nothing appears to happen.
You constrict the iguana. The iguana misses you.
Casting: Ensorcelled Hibernation (safe; 8% risk of failure)
Confirm with . or Enter, or press ? or * to list all spells.
Aiming: Ensorcelled Hibernation (safe; 8% risk of failure)
Press: ? - help, Shift-Dir - straight line, f/p - iguana
Aim: an iguana (severely wounded, constricted by you, chance to affect: 55%)
The iguana resists with significant effort.
You constrict the iguana, but do no damage.
The iguana bites you!
You die...

#.#†# ##... .##
#.#.###..## ..#
#.#.##..##[ ##.. ##
#.#.#..)#.# ..# .#
#.#.....)## #######.##.#
#....##)...
......#..#.###...##.#...
.........).....#.#(##..#
......l@..####...###†.##
........(†'..........##
..[....<..####.#.#######
......##### #.#.#......
...... #..>#.#####
###### #####.# #.#
#######################
#.#
<.....................#
#.#


You could see an iguana.

Vanquished Creatures
  Ijyb (D:3)
  6 adders
  2 dart slugs
  An orc (D:3)
  6 endoplasms
  2 giant cockroaches
  5 goblins
  2 hobgoblins (D:2)
  4 quokkas (D:1)
  2 ball pythons (D:1)
  5 bats
  2 frilled lizards
  4 kobolds
  2 rats (D:2)
44 creatures vanquished.

Notes
Turn   | Place    | Note
-------+----------+-------------------------------------------
     0 | D:1      | Ignak the Octopode Enchanter began the quest for the Orb.
     0 | D:1      | Reached XP level 1. HP: 11/11 MP: 3/3
   160 | D:1      | Reached XP level 2. HP: 17/17 MP: 5/5
   170 | D:1      | Learned a level 2 spell: Ensorcelled Hibernation
   662 | D:1      | Reached XP level 3. HP: 16/22 MP: 6/6
  1088 | D:2      | Reached skill level 5 in Stealth
  1088 | D:2      | Reached XP level 4. HP: 21/27 MP: 2/7
  1476 | D:2      | Identified the ring "Vosupeyg" {rElec rPois rCorr Int+6}
  1527 | D:2      | Reached skill level 1 in Fighting
  1694 | D:3      | Noticed Ijyb
  1702 | D:3      | Killed Ijyb
  1800 | D:3      | Reached XP level 5. HP: 33/33 MP: 8/8
  1837 | D:3      | Slain by an iguana

Illustrated notes

Levels and vault maps discovered:
D:1:      roderic_crossed_star, layout_basic, roderic_roman_lattice,
          minmay_cupped
D:2:      layout_loops_ring
D:3:      layout_basic, mainiacjoe_overflow_chevrons, minmay_bisected, uniq_ijyb

Skill      XL: |  1  2  3  4 |
---------------+-------------+-----
Stealth        | 5 |  5.4
Fighting       | 1 |  1.2
Short Blades   | |  1.9
Dodging        | |  2.6
Spellcasting   | |  2.4
Hexes          | |  3.3
Ice Magic      | |  0.8

Action                   |  1- 3 |  4- 6 || total
-------------------------+-------+-------++-------
Melee: Dagger            |    52 |    33 ||    85
       Constrict         |    12 |     7 ||    19
       Tentacles         |     9 |     3 ||    12
 Cast: Ensorcelled Hiber |    10 |     3 ||    13
 Stab: Sleeping          |    17 |     5 ||    22
Armor: Skin              |     3 |       ||     3
Dodge: Dodged            |    28 |    25 ||    53

Table legend: (Time is in decaauts)
 A = Elapsed time spent in this place.
 B = Non-inter-level travel time spent in this place.
 C = Inter-level travel time spent in this place.
 D = Time resting spent in this place.
 E = Time spent auto-exploring this place.
 F = Levels seen in this place.
 G = Mean time per level.
                   A        B        C        D        E       F      G
               +--------+--------+--------+--------+--------+-----+--------+
         Total |   1829 |   1780 |     49 |    125 |   1280 |   3 |  609.7 |
       Dungeon |   1829 |   1780 |     49 |    125 |   1280 |   3 |  609.7 |
               +--------+--------+--------+--------+--------+-----+--------+

Top non-repeatable levels by time:
     D:1: 973 daAuts
     D:2: 628 daAuts
     D:3: 227 daAuts
